 Dungeon Crawl Stone Soup version 0.25-b1-29-g4cfa5c7bda (webtiles) character file.

Game seed: 3083688819588809323, levelgen mode: deterministic

4403 Delamore the Basher (level 10, -6/56 HPs)
             Began as a Gargoyle Fighter on June 3, 2020.
             Was an Elder of Okawaru.
             Mangled by a white ugly thing (16 damage)
             ... on level 8 of the Dungeon.
             The game lasted 00:15:15 (8669 turns).

Delamore the Basher (Gargoyle Fighter)              Turns: 8669, Time: 00:15:15

Health: -6/56      AC: 29    Str: 26    XL:     10   Next: 35%
Magic:  10/10      EV:  4    Int:  9    God:    Okawaru [****..]
Gold:   247        SH: 10    Dex: 15    Spells: 9/9 levels left

rFire    . . .     SeeInvis .   I - +2 mace (protect)
rCold    + . .     Gourm    .   c - +0 kite shield
rNeg     + . .     Faith    .   B - +0 plate armour
rPois    ∞         Spirit   .   q - +0 helmet
rElec    +         Reflect  .   (no cloak)
rCorr    .         Harm     .   F - +0 pair of gloves of the Iron Devil {Str+3}
MR       .....                  l - +0 pair of boots
Stlth    ..........             (no amulet)
HPRegen  0.18/turn              g - +6 ring of dexterity
MPRegen  0.12/turn              r - ring of protection from cold

@: protection aura
A: negative energy resistance 1, electricity resistance, unbreathing,
petrification resistance, rot immunity, AC +7
a: Heroism, Renounce Religion


You were on level 8 of the Dungeon.
You worshipped Okawaru.
Okawaru was greatly pleased with you.
You were not hungry.

You visited 2 branches of the dungeon, and saw 10 of its levels.

You collected 514 gold pieces.
You spent 267 gold pieces at shops.

Inventory:

Hand Weapons
 a - a +1 flail
 w - a +2 whip of freezing
 I - a +2 mace of protection (weapon)
Missiles
 m - 6 atropa-tipped darts (quivered)
 o - 40 poisoned darts
Armour
 c - a +0 kite shield (worn)
 l - a +0 pair of boots (worn)
 q - a +0 helmet (worn)
 s - a +0 tower shield
 B - a +0 plate armour (worn)
 F - the +0 pair of gloves of the Iron Devil (worn) {Str+3}
   (You bought it in a shop on level 7 of the Dungeon)

   It affects your strength (+3).
Jewellery
 g - a +6 ring of dexterity (left hand)
 r - a ring of protection from cold (right hand)
 x - an uncursed ring of positive energy
 z - an uncursed ring of magical power
Wands
 b - a wand of iceblast (10)
 u - a wand of random effects (17)
Scrolls
 d - 2 scrolls of enchant weapon
 e - 3 scrolls of fog
 h - 4 scrolls of immolation
 i - 6 scrolls of teleportation
 p - 2 scrolls of remove curse
 t - 3 scrolls of enchant armour {unknown}
 y - 4 scrolls of amnesia {unknown}
 E - 2 scrolls of blinking {unknown}
 H - 3 scrolls of identify
Potions
 j - 2 potions of berserk rage
 n - 3 potions of curing
 v - a potion of cancellation {unknown}
 A - a potion of haste
 C - 2 potions of magic
 D - 2 potions of brilliance
 G - a potion of stabbing
Comestibles
 f - 14 rations
 k - 4 chunks of flesh


   Skills:
 - Level 3.2 Fighting
 + Level 14.2 Maces & Flails
 - Level 3.2 Armour
 - Level 3.2 Shields


You had 9 spell levels left.
You didn't know any spells.
Your spell library contained the following spells:

 Spells                   Type           Power        Failure   Level  Hunger
 Summon Small Mammal      Summ           #...         100%        1    ##.....
 Call Imp                 Summ           #.......     100%        2    ###....
 Call Canine Familiar     Summ           #.......     100%        3    ####...
 Confusing Touch          Hex            #.......     100%        3    ####...
 Gell's Gravitas          Tloc           #.........   100%        3    ####...
 Summon Guardian Golem    Hex/Summ       #.......     100%        3    ####...
 Petrify                  Tmut/Erth      #.......     100%        4    #####..
 Summon Ice Beast         Ice/Summ       #.......     100%        4    #####..
 Summon Lightning Spire   Summ/Air       #.......     100%        4    #####..
 Metabolic Englaciation   Hex/Ice        #.........   100%        5    ######.
 Yara's Violent Unravell  Hex/Tmut       #.........   100%        5    ######.


Dungeon Overview and Level Annotations

Branches:
Dungeon (9/15)             Temple (1/1) D:4
   Lair: D:8-11         Orc: D:9-12

Altars:
Dithmenos
Fedhas
Hepliaklqana
Kikubaaqudgha
Makhleb
Okawaru
Qazlal
Ru
Uskayaw
Vehumet
Wu Jian
Lugonu

Shops:
D:7 [

Annotations:
D:7 2 transporters


Innate Abilities, Weirdness & Mutations

You are resistant to torment.
Your stone body is resilient. (AC +7)
You are immune to poison.
You resist negative energy. (rN+)
You are resistant to electric shocks. (rElec)
You can survive without breathing.
You are immune to petrification.
You are immune to rotting.


Message History

You hit the white ugly thing.
The white ugly thing is almost dead.
The white ugly thing stings you. The white ugly thing freezes you! You resist.
You barely miss the white ugly thing.
The white ugly thing is almost dead.
The white ugly thing stings you. The white ugly thing freezes you. You resist.
* * * LOW HITPOINT WARNING * * *
Your +2 whip of freezing stops glowing.
Your +2 mace of protection hums with potential!
I - a +2 mace of protection (weapon)
You hit the white ugly thing.
Your weapon exudes an aura of protection.
The white ugly thing is almost dead.
The white ugly thing stings you but does no damage.
You sock the white ugly thing!
The white ugly thing is almost dead.
The white ugly thing stings you.
* * * LOW HITPOINT WARNING * * *
The white ugly thing freezes you! You resist.
You die...

############# ............#
####### ######......#
########.....# # #......#
#@)......###.##### #
#......####u####.....#...... #
#....................######.
######...........###.............
...#.....#.......# #......#......
##.#.###.#.......# #...#..#.#####
#.#.#...#.......# ##.....#......
#.#.#.#.#.......# #####.#..####
#.#.#.#.#.......########.#..#


You could see a white ugly thing.

Vanquished Creatures
  Pikel (D:5)
  Grinder (D:6)
  Sigmund (D:5)
  3 yaks (D:8)
  A hungry ghost (D:8)
  Edmund (D:6)
  Duvessa (D:6)
  2 slaves (D:5)
  An ice beast (D:8)
  5 sky beasts
  A necrophage (D:5)
  2 phantoms
  2 ogres
  2 centaurs
  A big kobold (D:8)
  3 bullfrogs
  2 scorpions
  Dowan (D:6)
  4 killer bees (D:7)
  3 howler monkeys (D:8)
  5 crimson imps
  A quasit (D:7)
  2 hounds
  2 orc priests
  3 jellies
  2 orc wizards
  2 centaur skeletons
  An iguana (D:4)
  6 worker ants
  A hound zombie (D:8)
  Robin (Temple)
  A worker ant zombie (D:6)
  6 gnolls (D:8)
  7 adders
  4 shadow imps
  An ooze (D:1)
  2 worms
  2 dart slugs
  6 leopard geckos
  32 orcs
  3 ball pythons
  2 giant cockroaches
  21 goblins
  12 hobgoblins
  12 jackals
  8 quokkas
  20 bats
  4 frilled lizards
  A jackal skeleton (D:4)
  14 kobolds
  A leopard gecko skeleton (D:6)
  A leopard gecko zombie (D:5)
  10 rats
234 creatures vanquished.

Vanquished Creatures (others)
  A slave (D:5)
1 creature vanquished.

Grand Total: 235 creatures vanquished

Notes
Turn   | Place    | Note
-------+----------+-------------------------------------------
     0 | D:1      | Delamore the Gargoyle Fighter began the quest for the Orb.
     0 | D:1      | Reached XP level 1. HP: 14/14 MP: 1/1
    29 | D:1      | Reached XP level 2. HP: 17/19 MP: 2/2
   111 | D:1      | Reached skill level 3 in Maces & Flails
   301 | D:1      | Reached XP level 3. HP: 23/23 MP: 3/3
  1178 | D:2      | Reached skill level 4 in Maces & Flails
  1327 | D:2      | Reached XP level 4. HP: 28/28 MP: 4/4
  2130 | D:3      | Reached skill level 5 in Maces & Flails
  2208 | D:3      | Reached XP level 5. HP: 32/32 MP: 5/5
  2466 | D:3      | Found a burning altar of Makhleb.
  2596 | D:3      | HP: 1/32 [something/puff of flame (6)]
  2599 | D:3      | Reached skill level 6 in Maces & Flails
  2599 | D:3      | Reached XP level 6. HP: 29/37 MP: 6/6
  3467 | D:4      | Reached skill level 7 in Maces & Flails
  3507 | D:4      | Found a staircase to the Ecumenical Temple.
  3514 | D:4      | Noticed Robin
  3516 | Temple   | Entered the Ecumenical Temple
  3567 | Temple   | Became a worshipper of Warmaster Okawaru
  3752 | D:4      | Noticed a phantom
  3762 | Temple   | Reached XP level 7. HP: 38/41 MP: 7/7
  3919 | Temple   | Killed Robin
  4198 | D:4      | Reached skill level 8 in Maces & Flails
  4398 | D:5      | Entered Level 5 of the Dungeon
  4794 | D:5      | Noticed Sigmund
  4810 | D:5      | Killed Sigmund
  4810 | D:5      | Reached * piety under Okawaru
  4810 | D:5      | Reached skill level 9 in Maces & Flails
  4810 | D:5      | Reached XP level 8. HP: 26/46 MP: 8/8
  5051 | D:5      | Reached skill level 10 in Maces & Flails
  5360 | D:5      | Noticed Pikel
  5383 | D:5      | Killed Pikel
  5383 | D:5      | Reached ** piety under Okawaru
  5383 | D:5      | Reached skill level 11 in Maces & Flails
  5383 | D:5      | Reached XP level 9. HP: 44/51 MP: 9/9
  5737 | D:6      | Noticed Dowan
  5788 | D:6      | Killed Dowan
  5791 | D:6      | Noticed Duvessa
  5812 | D:6      | Killed Duvessa
  6134 | D:6      | Noticed Grinder
  6234 | D:6      | Killed Grinder
  6234 | D:6      | Reached *** piety under Okawaru
  6234 | D:6      | Reached skill level 12 in Maces & Flails
  6409 | D:6      | Noticed Edmund
  6427 | D:6      | Killed Edmund
  6881 | D:7      | Found Qeofe's Armour Shoppe.
  6939 | D:7      | Bought the +0 pair of gloves of the Iron Devil {Str+3} for
                  | 267 gold pieces
  7103 | D:7      | Reached skill level 13 in Maces & Flails
  7118 | D:7      | Reached **** piety under Okawaru
  7389 | D:7      | Found a transporter.
  7390 | D:7      | Found a transporter.
  7391 | D:7      | Found a corrupted altar of Lugonu.
  7391 | D:7      | Noticed a cyan ugly thing
  7394 | D:7      | Noticed a purple ugly thing
  7648 | D:8      | Reached XP level 10. HP: 56/56 MP: 10/10
  8357 | D:8      | Reached skill level 14 in Maces & Flails
  8622 | D:9      | Noticed a white ugly thing
  8669 | D:8      | Mangled by a white ugly thing

Illustrated notes

Levels and vault maps discovered:
D:1:      saegor_arrival_simple_c, layout_loops_ring
D:2:      layout_basic, minmay_between
D:3:      layout_loops_corners, makhleb_grotto_becter, first_ration,
          minmay_close_crescents
D:4:      layout_basic, minmay_temple_entry_ruins, uniq_robin
D:5:      layout_loops_ring, uniq_sigmund, uniq_pikel
D:6:      layout_rooms, uniq_grinder, uniq_edmund, uniq_duvessa
D:7:      gammafunk_corrupted_shrine, layout_basic, serial_shops, shop
D:8:      layout_basic
D:9:      layout_roguey [special_room_bee], basic_altar
Temple:   minmay_crystal_snake_temple

Skill      XL: |  1  2  3  4  5  6  7  8  9 10 |
---------------+-------------------------------+-----
Maces & Flails | 3 4 5 6 7 9 11 13 14 | 14.2
Fighting       | |  3.2
Armour         | |  3.2
Shields        | |  3.2

Action                   |  1- 3 |  4- 6 |  7- 9 | 10-12 || total
-------------------------+-------+-------+-------+-------++-------
Melee: Flail             |   241 |   289 |   288 |       ||   818
       Whip              |       |       |   283 |   209 ||   492
       Mace              |       |       |       |     2 ||     2
Throw: Dart              |       |     7 |     7 |       ||    14
Invok: Heroism           |       |       |     1 |       ||     1
  Use: Scroll            |     8 |       |     7 |       ||    15
       Potion            |       |     1 |       |       ||     1
 Stab: Invisible         |       |       |     1 |       ||     1
  Eat: Chunk             |     2 |     8 |    13 |     6 ||    29
Armor: Scale mail        |   210 |     9 |       |       ||   219
       Chain mail        |       |   229 |   284 |       ||   513
       Plate armour      |       |       |    60 |    82 ||   142
Dodge: Dodged            |   114 |    75 |    98 |    30 ||   317
Block: Kite shield       |   172 |   153 |   245 |    73 ||   643
